 Dungeon Crawl Stone Soup version 0.31.0-7-gf635a9b802 (webtiles) character file.

Game seed: 15062547781433361618

85518 Arcadio the Spry (level 15, -1/121 HPs)
             Began as a Djinni Monk on Jan 22, 2024.
             Was a Believer of Jiyva.
             Shot with a damnation bolt by a yaktaur captain (28 damage)
             ... on level 12 of the Dungeon on Jan 23, 2024.
             The game lasted 01:40:36 (21189 turns).

Arcadio the Spry (Djinni Monk)                     Turns: 21189, Time: 01:40:39

Health: -1/121     AC: 10    Str: 10    XL:     15   Next: 98%
Gold:   36         EV: 28    Int: 18    God:    Jiyva [**....] SH:  0 Dex: 17

rFire   + + .        N - +6 quick blade (elec)
rCold   x . .        (shield unavailable)
rNeg    . . .        b - +2 robe {Will+}
rPois   ∞            (no helmet)
rElec   .            d - +2 cloak
rCorr   +            l - +2 pair of gloves
SInv    .            (boots unavailable)
Will    ++...        E - amulet of regeneration Stlth
                     (ring unavailable)
HPRegen 2.16/turn    u - +5 ring of evasion
MPRegen 0.00/turn

%: inaccuracy (-5), infuse magic (-2 HP)
@: flying, very slightly contaminated, invisible
A: sickness immunity, fire resistance 2, cold vulnerability 1, missing a hand,
no stealth, inability to use devices, missing an eye, float, innate caster, HP
casting, extra vitality 1
a: Renounce Religion


You were on level 12 of the Dungeon.
You worshipped Jiyva.
Jiyva was pleased with you.
You visited 5 branches of the dungeon, and saw 25 of its levels.
You also visited: Bailey and Volcano.

You collected 1488 gold pieces.
You spent 1452 gold pieces at shops.

Inventory:

Hand Weapons
 a - a +1 morningstar of protection
 f - a +1 dagger of venom
 k - a +2 dagger of electrocution
 I - a +1 trident of flaming
 K - a +5 short sword
 N - a +6 quick blade of electrocution (weapon)
 P - a +0 vampiric dagger
Missiles
 q - 4 throwing nets (quivered)
Armour
 b - a +2 robe of willpower (worn)
 d - a +2 cloak (worn)
 l - a +2 pair of gloves (worn)
 A - a +1 troll leather armour {Snorg}
 F - a +2 robe of cold resistance
 L - the +0 robe of the Distant Future {Str+3 Slay+3 SInv}
   (You found it on level 3 of the Lair of Beasts)

   Str+3:     It affects your strength (+3).
   Slay+3:    It affects your accuracy & damage with ranged weapons and melee
   (+3).
   SInv:      It lets you see invisible.
Jewellery
 s - an amulet of faith
 t - a +6 ring of dexterity
 u - a +5 ring of evasion (right hand)
 E - an amulet of regeneration (around neck)
 H - a ring of protection from fire
 O - a ring of ice
 Q - a ring of see invisible
Scrolls
 g - 2 scrolls of fog
 i - 6 scrolls of vulnerability
 m - 4 scrolls of poison
 o - 4 scrolls of blinking
 p - a scroll of teleportation
 v - a scroll of immolation {unknown}
 w - a scroll of amnesia {unknown}
 y - 2 scrolls of revelation
 D - a scroll of butterflies {unknown}
Potions
 c - 2 potions of ambrosia
 h - a potion of invisibility
 j - 2 potions of enlightenment
 n - 3 potions of brilliance
 r - 2 potions of haste
 x - a potion of mutation
 z - a potion of attraction {unknown}
 B - a potion of might {unknown}
 C - 3 potions of berserk rage
 G - a potion of cancellation
 J - 2 potions of curing
 M - a potion of magic {unknown}


   Skills:
 + Level 16.0 Fighting
 - Level 2.6 Long Blades
 + Level 17.3 Dodging
 + Level 12.4 Spellcasting
 + Level 12.4 Conjurations
 + Level 12.4 Hexes
 + Level 12.4 Summonings
 + Level 12.4 Necromancy
 + Level 12.4 Translocations
 + Level 12.4 Fire Magic
 + Level 12.4 Ice Magic
 + Level 12.4 Air Magic
 + Level 12.4 Earth Magic
 + Level 12.4 Alchemy


You knew the following spells:

 Your Spells              Type           Power      Damage    Failure   Level
a - Fireball              Conj/Fire      27%        3d12      1%          5
b - Lee's Rapid Deconstr  Erth           27%        3d14*     1%          5
c - Plasma Beam           Fire/Air       27%        2x1d39    5%          6
d - Inner Flame           Hex/Fire       54%        N/A       1%          3
e - Shock                 Conj/Air       100%       1d9       1%          1
f - Jinxbite              Hex            100%       N/A       1%          2
g - Mercury Vapours       Alch/Air       100%       N/A       1%          2
Your spell library was empty.

Dungeon Overview and Level Annotations

Branches:
Dungeon (12/15)            Temple (1/1) D:4            Lair (5/5) D:9
  Swamp (0/4) Lair:2        Snake (0/4) Lair:3        Slime (5/5) Lair:4
    Orc (2/2) D:9             Elf (0/3) Orc:2        Bailey (visited)
Volcano (visited)

Altars:
Ashenzari
Cheibriados
Dithmenos
Elyvilon
Fedhas
Gozag
Hepliaklqana
Makhleb
Nemelex Xobeh
Okawaru
Qazlal
Ru
Trog
Uskayaw
Wu Jian
Xom
Yredelemnul
Zin
The Shining One
Jiyva

Shops:
D:11 !   Orc:2 *((*

Portals:
Abyss: Lair:2

Annotations:
Lair:1 exclusion: oklob plant
Lair:2 2 transporters, Arcadio's ghost, journeyman GnHu
Lair:3 exclusion: oklob plant


Innate Abilities, Weirdness & Mutations

You are immune to sickness and miasma.
You are immune to poison.
Your flesh is very heat resistant. (rF++)
You are vulnerable to cold. (rC-)
You are missing a hand.
You cannot be stealthy.
You cannot study or use magical devices.
You are missing an eye, making it more difficult to aim.
You float through the air rather than walking.
You learn spells naturally, not from books.
Your magical power is your life essence.
You have superior vitality. (+4 MHP)


Message History

The yaktaur captain is heavily wounded.
The fiery plasma misses the yaktaur captain.
You hear a shout!
The centaur warrior shoots an arrow.
The arrow hits you!
Casting: Plasma Beam (dangerous; 5% risk of failure)
Confirm with . or Enter, or press ? or * to list all spells.
Casting: Plasma Beam (dangerous; 5% risk of failure)
Press: ? - help, Dir - look around, f - activate You miscast Plasma Beam.
You are very lightly contaminated with residual magic.
Nothing appears to happen.
The centaur warrior shoots an arrow.
The arrow completely misses you.
Casting: Plasma Beam (dangerous; 5% risk of failure)
Confirm with . or Enter, or press ? or * to list all spells.
Casting: Plasma Beam (dangerous; 5% risk of failure)
Press: ? - help, Dir - look around, f - activate The bolt of lightning hits the centaur warrior!
The centaur warrior is moderately wounded.
The fiery plasma hits the centaur warrior!
The centaur warrior is heavily wounded.
The yaktaur captain shoots a damnation bolt.
The damnation bolt closely misses you.
You feel much better.
The centaur warrior shoots an arrow.
The arrow completely misses you.
The centaur warrior shoots an arrow.
The arrow hits you!!
The yaktaur captain shoots a damnation bolt.
The damnation bolt completely misses you.
Okay, then.
You fade into invisibility!
The yaktaur captain shoots a damnation bolt.
The damnation bolt closely misses you.
You hit the centaur warrior. You barely miss the centaur warrior.
The centaur warrior is severely wounded.
The centaur warrior unwields a +0 orcbow.
The centaur warrior completely misses you.
The centaur warrior kicks you.
The centaur warrior completely misses you. x2
The yaktaur captain shoots a damnation bolt.
The damnation bolt hits you!!
You die...

############
####..........####
#................###
.......~≈~.........##
.....~~≈≈~~~....@§§.##
...~≈~≈≈≈≈≈≈≈~...c§.§#
..~~≈≈≈≈≈≈≈≈≈≈~.§{§§§##
.~~~≈########≈≈~.c§§§§#
~~≈≈≈# #≈≈≈≈.§§§§#
~≈≈≈≈# #≈≈≈§§§§§.#
≈≈≈≈## ##≈≈≈§§§...#
≈≈≈## ##≈≈§~)...# ####
####~....#


You could see a yaktaur captain (unable to see you) and a centaur warrior
(unable to see you).

Vanquished Creatures
  A frost giant (D:12)
  Snorg (Lair:4)
  An ettin (Orc:2)
  Josephine (Lair:3)
  A hydra (Lair:2)
  4 two-headed ogres
  Erica (Lair:2)
  A boulder beetle (D:11)
  14 death yaks
  3 orc high priests (Orc:2)
  Nergalle (D:11)
  2 bog bodies (Lair:2)
  A phantasmal warrior (D:12)
  Pikel (D:6)
  A deep elf pyromancer (D:12)
  7 orc knights
  2 ugly things
  4 cyclopes
  6 orc sorcerers
  11 elephants
  A guardian serpent (Lair:5)
  9 black mambas
  7 kobold blastminers
  A smoke demon (Volcano)
  A gargoyle (D:12)
  Jeremiah (D:8)
  5 torpor snails
  12 cane toads
  12 komodo dragons
  4 rime drakes
  2 unseen horrors
  2 red devils (Volcano)
  A merfolk (D:12)
  3 trolls
  4 hornets
  Grinder (D:5)
  25 blink frogs
  A polar bear (Lair:2)
  Sigmund (D:5)
  2 shadows
  A vampire (D:11)
  46 yaks
  16 wyverns
  7 wraiths
  A warg (Orc:1)
  Eustachio (D:5)
  4 fire bats (Volcano)
  3 steam dragons
  4 redbacks (Lair:5)
  A basilisk (Lair:3)
  A swamp worm (Lair:2)
  2 acid dragons
  23 water moccasins
  Duvessa (D:6)
  A sky beast (D:7)
  An ice beast (D:6)
  24 orc warriors
  2 black bears
  4 ogres
  6 wolves (Lair:2)
  2 centaurs (D:9)
  2 lemures (D:6)
  2 kobold brigands
  2 phantoms
  11 bullfrogs
  A scorpion (D:5)
  2 gnoll sergeants
  9 wights
  Dowan (D:6)
  2 bombardier beetles
  5 electric eels
  3 lava snakes (Volcano)
  3 hounds
  9 jellies
  18 orc priests
  Crazy Yiuf (D:6)
  A sleepcap (D:7)
  A gnoll bouda (D:8)
  15 orc wizards
  An iguana (D:6)
  8 ogre zombies (D:9)
  8 adders
  15 gnolls
  2 shadow imps
  A white imp (D:7)
  6 ufetubi
  3 ribbon worms (D:4)
  A dart slug (D:3)
  60 orcs
  5 endoplasms
  2 giant cockroaches
  2 gnoll zombies (D:9)
  6 goblins
  6 hobgoblins
  7 jackals
  12 kobolds
  8 quokkas
  7 ball pythons
  5 bats
  7 gnoll skeletons (D:9)
  An orc skeleton (D:9)
  14 orc zombies (D:9)
  6 rats
591 creatures vanquished.

Vanquished Creatures (others)
  A deep elf archer (D:12)
  A wolf spider (Lair:5)
  A black mamba (Lair:5)
  A cane toad (Lair:2)
  2 blink frogs
  6 slime creatures (D:12)
  A wraith (D:12)
  3 water elementals (D:12)
  A wyvern (Lair:5)
  A water moccasin (Lair:5)
  14 jellies
  An iguana (D:7)
  2 gnolls
  4 orcs
  A gnoll zombie (D:9)
40 creatures vanquished.

Grand Total: 631 creatures vanquished

Notes
Turn   | Place    | Note
-------+----------+-------------------------------------------
     0 | D:1      | Arcadio the Djinni Monk began the quest for the Orb.
     0 | D:1      | Reached XP level 1. HP: 20/20 MP: 0/0
   124 | D:1      | Reached XP level 2. HP: 18/25 MP: 0/0
   503 | D:2      | Reached XP level 3. HP: 30/30 MP: 0/0
   503 | D:2      | Learned a level 1 spell: Shock
   564 | D:2      | Found a sacrificial altar of Ru.
   572 | D:2      | Became a worshipper of Ru the Awakened
   610 | D:2      | Reached skill level 1 in Spellcasting
   610 | D:2      | Reached skill level 1 in Conjurations
   610 | D:2      | Reached skill level 1 in Hexes
   610 | D:2      | Reached skill level 1 in Summonings
   610 | D:2      | Reached skill level 1 in Necromancy
   610 | D:2      | Reached skill level 1 in Translocations
   610 | D:2      | Reached skill level 1 in Fire Magic
   610 | D:2      | Reached skill level 1 in Ice Magic
   610 | D:2      | Reached skill level 1 in Air Magic
   610 | D:2      | Reached skill level 1 in Earth Magic
   610 | D:2      | Reached skill level 1 in Alchemy
   942 | D:2      | Reached XP level 4. HP: 35/35 MP: 0/0
   942 | D:2      | Gained mutation: You are missing a hand. [Ru sacrifice]
   942 | D:2      | Reached * piety under Ru
   942 | D:2      | Reached ** piety under Ru
   942 | D:2      | Reached *** piety under Ru
  1155 | D:3      | Reached skill level 4 in Dodging
  1723 | D:3      | Reached XP level 5. HP: 32/41 MP: 0/0
  1723 | D:3      | Learned a level 2 spell: Jinxbite
  2355 | D:3      | Found a sparkling altar of Nemelex Xobeh.
  2634 | D:4      | Reached XP level 6. HP: 45/48 MP: 0/0
  2764 | D:4      | Found an opulent altar of Gozag.
  2960 | D:4      | Found a staircase to the Ecumenical Temple.
  2973 | D:4      | Reached skill level 5 in Dodging
  2998 | Temple   | Entered the Ecumenical Temple
  3123 | D:4      | Noticed a black bear
  3130 | D:4      | Killed a black bear
  3131 | D:4      | Reached XP level 7. HP: 48/53 MP: 0/0
  3131 | D:4      | Learned a level 2 spell: Mercury Vapours
  3167 | D:4      | Gained mutation: You cannot study or use magical devices.
                  | [Ru sacrifice]
  3167 | D:4      | Reached **** piety under Ru
  3167 | D:4      | Reached ***** piety under Ru
  3544 | D:4      | Reached skill level 5 in Fighting
  3602 | D:4      | Found the +7 staff of the Meek {protect, meekguard}
  3821 | D:4      | Found a stormy altar of Qazlal.
  3823 | D:4      | Found a hazy altar of Hepliaklqana.
  3958 | D:5      | Entered Level 5 of the Dungeon
  4249 | D:5      | Noticed Grinder
  4252 | D:5      | Killed Grinder
  4253 | D:5      | Reached skill level 6 in Dodging
  4257 | D:5      | Noticed Sigmund
  4294 | D:5      | Killed Sigmund
  4295 | D:5      | Reached XP level 8. HP: 42/61 MP: 0/0
  4407 | D:5      | Noticed Eustachio
  4408 | D:5      | Killed Eustachio
  4713 | D:5      | Found an ornate altar of the Wu Jian Council.
  5100 | D:6      | Found a white marble altar of Elyvilon.
  5145 | D:6      | Reached skill level 7 in Dodging
  5240 | D:6      | Reached XP level 9. HP: 49/63 MP: 0/0
  5240 | D:6      | Learned a level 3 spell: Inner Flame
  5437 | D:6      | Noticed Dowan
  5440 | D:6      | Noticed Duvessa
  5442 | D:6      | Killed Dowan
  5442 | D:6      | Killed Duvessa
  5598 | D:6      | Noticed Pikel
  5599 | D:6      | Killed Pikel
  5600 | D:6      | Reached skill level 8 in Dodging
  5600 | D:6      | Reached skill level 5 in Spellcasting
  5600 | D:6      | Reached skill level 5 in Conjurations
  5600 | D:6      | Reached skill level 5 in Hexes
  5600 | D:6      | Reached skill level 5 in Summonings
  5600 | D:6      | Reached skill level 5 in Necromancy
  5600 | D:6      | Reached skill level 5 in Translocations
  5600 | D:6      | Reached skill level 5 in Fire Magic
  5600 | D:6      | Reached skill level 5 in Ice Magic
  5600 | D:6      | Reached skill level 5 in Air Magic
  5600 | D:6      | Reached skill level 5 in Earth Magic
  5600 | D:6      | Reached skill level 5 in Alchemy
  5730 | D:6      | Found a sacrificial altar of Ru.
  5955 | D:6      | Found a runed translucent door.
  5958 | D:6      | Noticed Crazy Yiuf
  5960 | D:6      | Killed Crazy Yiuf
  6177 | D:7      | Gained mutation: You cannot be stealthy. [Ru sacrifice]
  6180 | D:7      | Reached XP level 10. HP: 49/72 MP: 0/0
  6225 | D:7      | Reached skill level 9 in Dodging
  6959 | D:8      | Noticed Jeremiah
  6963 | D:8      | Killed Jeremiah
  7463 | D:8      | Reached skill level 10 in Dodging
  7983 | D:9      | Noticed a death yak
  7985 | D:9      | Killed a death yak
  7986 | D:9      | Reached XP level 11. HP: 56/85 MP: 0/0
  7986 | D:9      | Learned a level 5 spell: Fireball
  7986 | D:9      | Noticed a death yak
  7995 | D:9      | Noticed a death yak
  8065 | D:9      | Killed a death yak
  8066 | D:9      | Reached skill level 10 in Fighting
  8066 | D:9      | Reached skill level 11 in Dodging
  8073 | D:9      | Killed a death yak
  8099 | D:9      | Found a flagged portal.
  8208 | Bailey   | Entered a bailey
  8464 | Bailey   | Gained mutation: You are missing an eye, making it more
                  | difficult to aim. [Ru sacrifice]
  8464 | Bailey   | Reached ****** piety under Ru
  8739 | Bailey   | Noticed an orc knight
  8741 | Bailey   | Noticed an orc knight
  8743 | Bailey   | Killed an orc knight
  8743 | Bailey   | Killed an orc knight
  8883 | D:9      | Found a staircase to the Lair.
  8886 | D:9      | Noticed a two-headed ogre
  8889 | D:9      | Killed a two-headed ogre
  9237 | D:9      | Found a glowing golden altar of the Shining One.
  9315 | D:9      | Found a staircase to the Orcish Mines.
  9483 | Lair:1   | Entered Level 1 of the Lair of Beasts
  9483 | Lair:1   | Noticed an elephant
  9483 | Lair:1   | Noticed an elephant
  9483 | Lair:1   | Noticed an elephant
  9484 | Lair:1   | Killed an elephant
  9484 | Lair:1   | Killed an elephant
  9484 | Lair:1   | Killed an elephant
  9484 | Lair:1   | Noticed an elephant
  9485 | Lair:1   | Reached skill level 12 in Dodging
  9485 | Lair:1   | Reached XP level 12. HP: 68/92 MP: 0/0
  9730 | Orc:1    | Entered Level 1 of the Orcish Mines
  9924 | Orc:2    | Entered Level 2 of the Orcish Mines
 10223 | Orc:2    | Reached skill level 13 in Dodging
 10803 | D:9      | Reached XP level 13. HP: 35/96 MP: 0/0
 10803 | D:9      | Learned a level 5 spell: Lee's Rapid Deconstruction
 11338 | Lair:1   | Identified the +0 chain mail of Courage {rPois Str+3}
 12010 | Lair:2   | Reached skill level 14 in Dodging
 12142 | Lair:2   | Reached skill level 10 in Spellcasting
 12142 | Lair:2   | Reached skill level 10 in Conjurations
 12142 | Lair:2   | Reached skill level 10 in Hexes
 12142 | Lair:2   | Reached skill level 10 in Summonings
 12142 | Lair:2   | Reached skill level 10 in Necromancy
 12142 | Lair:2   | Reached skill level 10 in Translocations
 12142 | Lair:2   | Reached skill level 10 in Fire Magic
 12142 | Lair:2   | Reached skill level 10 in Ice Magic
 12142 | Lair:2   | Reached skill level 10 in Air Magic
 12142 | Lair:2   | Reached skill level 10 in Earth Magic
 12142 | Lair:2   | Reached skill level 10 in Alchemy
 12281 | Lair:3   | Noticed Josephine
 12284 | Lair:3   | Killed Josephine
 12393 | Lair:3   | Identified the +0 robe of the Distant Future {Str+3 Slay+3
                  | SInv}
 12610 | Lair:4   | Found a dark tunnel.
 12621 | Volcano  | Entered a volcano
 12949 | Volcano  | Found a bloodstained altar of Trog.
 13098 | Lair:5   | Entered Level 5 of the Lair of Beasts
 13508 | Lair:5   | Reached XP level 14. HP: 81/102 MP: 0/0
 13607 | Lair:5   | Reached skill level 15 in Dodging
 14160 | Lair:5   | Got an earthy gem with 746 turns to spare
 14911 | Lair:5   | Lost the earthy gem through the power of Zot.
 15160 | Lair:4   | Found a viscous altar of Jiyva.
 15444 | Lair:4   | Reached skill level 16 in Dodging
 15488 | Lair:4   | Noticed Snorg
 15516 | Lair:4   | Killed Snorg
 15649 | Lair:4   | Found a staircase to the Slime Pits.
 16072 | Lair:3   | Found a staircase to the Snake Pit.
 16427 | Lair:2   | Noticed Erica
 16428 | Lair:2   | Reached XP level 15. HP: 95/113 MP: 0/0
 16428 | Lair:2   | Learned a level 6 spell: Plasma Beam
 16428 | Lair:2   | Killed Erica
 16483 | Lair:2   | Reached skill level 15 in Fighting
 16596 | Lair:2   | Found a transporter.
 16608 | Lair:2   | Found a one-way gate to the infinite horrors of the Abyss.
 16608 | Lair:2   | Noticed Arcadio's ghost (journeyman GnHu)
 16628 | Lair:2   | Found a transporter.
 16857 | Lair:2   | HP: 6/120 [bog body/bolt of cold (36)]
 16957 | Lair:2   | Found a staircase to the Swamp.
 17159 | Lair:2   | Found a snail-covered altar of Cheibriados.
 17805 | Orc:2    | Found a staircase to the Elven Halls.
 18158 | Orc:2    | Found Ibbabi's Assorted Antiques.
 18170 | Orc:2    | Found Wekloomietz's Weapon Shoppe.
 18176 | Orc:2    | Found Uqecotuc's Assorted Antiques.
 18178 | Orc:2    | Found Xiqic's Weapon Shop.
 18287 | Orc:2    | Bought a +2 quick blade of electrocution for 693 gold
                  | pieces
 18296 | Orc:2    | Bought a scroll of blinking for 262 gold pieces
 18306 | Orc:2    | Bought a scroll of blinking for 217 gold pieces
 18337 | Orc:2    | Upgraded the game from 0.31.0-4-g52a2dc7128 to
                  | 0.31.0-7-gf635a9b802
 18371 | Orc:1    | You are sucked into a shaft and drop 1 floor!
 18741 | Lair:4   | Fell from the grace of Ru
 18741 | Lair:4   | Became a worshipper of Jiyva Jyvos the Shapeless
 18745 | Slime:1  | Entered Level 1 of the Pits of Slime
 18756 | Slime:2  | Noticed an acid blob
 18776 | Slime:3  | Noticed an acid blob
 18787 | Slime:4  | Noticed an acid blob
 18794 | Slime:5  | Entered Level 5 of the Pits of Slime
 18810 | Slime:5  | Noticed a quicksilver ooze
 18812 | Slime:5  | Noticed an azure jelly
 18848 | Slime:5  | Noticed a rockslime
 18854 | Slime:5  | Noticed a rockslime
 18976 | Slime:5  | Noticed an acid blob
 19013 | Slime:5  | Noticed an azure jelly
 19016 | Slime:5  | Noticed an azure jelly
 19052 | Slime:5  | Noticed a rockslime
 19054 | Slime:5  | Found a viscous altar of Jiyva.
 19390 | D:10     | Entered Level 10 of the Dungeon
 19419 | D:10     | Reached skill level 17 in Dodging
 19819 | D:10     | Reached * piety under Jiyva
 19998 | D:11     | Found Cut Lut's Distillery.
 20006 | D:11     | Bought a potion of haste for 140 gold pieces
 20006 | D:11     | Bought a potion of haste for 140 gold pieces
 20314 | D:11     | Noticed Nergalle
 20316 | D:11     | Killed Nergalle
 20733 | D:12     | Reached ** piety under Jiyva
 21172 | D:12     | Noticed a frost giant
 21176 | D:12     | Killed a frost giant
 21189 | D:12     | Shot with a damnation bolt by a yaktaur captain

Illustrated notes

Levels and vault maps discovered:
D:1:      dpeg_arrival_erosion, layout_rooms
D:2:      layout_loops_ring, basic_altar
D:3:      layout_loops_cross, nemelex_dance_club_becter
D:4:      minmay_diamond_boxcup, layout_layer_cave, minitemple,
          nicolae_vehumet_altar_sigil, lemuel_round_altar,
          minmay_temple_entry_proselytizer, kennysheep_diamond,
          pf_guarded_unrand_meek
D:5:      layout_loops_corners, amcnicky_altar_gilded, uniq_sigmund,
          uniq_grinder, uniq_eustachio
D:6:      layout_cave_pools, nicolae_ru_awakened_eye, lemuel_doored_altar,
          nicolae_figureground_sparkle, uniq_duvessa, uniq_crazy_yiuf_cottage,
          uniq_pikel
D:7:      layout_cave_pools, grunt_potential
D:8:      layout_loops_ring, uniq_maurice, uniq_jeremiah
D:9:      layout_loops_cross, mainiacjoe_overflow_cross_hatched,
          dpeg_lair_monsters, zombieorc2_lemuel, enter_bailey_2,
          kennysheep_minor_cross
D:10:     layout_loops_ring, serial_rivers, chequers_serial_rivers_room_a,
          chequers_serial_rivers_small_3, chequers_serial_rivers_micro_c,
          chequers_serial_rivers_room_a
D:11:     layout_loops_cross, serial_shops, shop, uniq_nergalle
D:12:     cross_vault, layout_basic, hangedman_fish_farm
Temple:   compressed_dpeg_triangle_lava_temple
Lair:1:   minmay_lair_oklob_tunnel, layout_misc_corridors,
          grunt_forest_stairs_basic
Lair:2:   layout_gridlike, nicolae_swamp_entry_splash_gauntlet,
          gammafunk_ghost_abyssal_escape, st_stairs_4, kennysheep_snail_temple,
          uniq_erica
Lair:3:   layout_chaotic_city, dummy_snake_entry, wad_woods_river_03,
          minivault_24, uniq_josephine
Lair:4:   layout_gridlike, slime_entry_2, nicolae_volcano_entry_hallway,
          uniq_snorg
Lair:5:   hangedman_lair_tendril_chambers, layout_cave_pods,
          nicolae_quartered_pool_super, infiniplex_staircase_pool_2,
          lemuel_fruit_tree
Slime:1:  layout_caves
Slime:2:  layout_caves
Slime:3:  layout_caves, cheibrodos_slime_lost_civilization_6
Slime:4:  layout_caves
Slime:5:  slime_pit_nicolae_block_by_block
Orc:1:    layout_caves, basic_altar
Orc:2:    st_orc_elflike, layout_caves

Skill      XL: |  1  2  3  4  5  6  7  8  9 10 11 12 13 14 15 |
---------------+----------------------------------------------+-----
Spellcasting   | 1 2 3 4 5 7 8 9 10 11 12 | 12.4
Conjurations   | 1 2 3 4 5 7 8 9 10 11 12 | 12.4
Hexes          | 1 2 3 4 5 7 8 9 10 11 12 | 12.4
Summonings     | 1 2 3 4 5 7 8 9 10 11 12 | 12.4
Necromancy     | 1 2 3 4 5 7 8 9 10 11 12 | 12.4
Translocations | 1 2 3 4 5 7 8 9 10 11 12 | 12.4
Fire Magic     | 1 2 3 4 5 7 8 9 10 11 12 | 12.4
Ice Magic      | 1 2 3 4 5 7 8 9 10 11 12 | 12.4
Air Magic      | 1 2 3 4 5 7 8 9 10 11 12 | 12.4
Earth Magic    | 1 2 3 4 5 7 8 9 10 11 12 | 12.4
Alchemy        | 1 2 3 4 5 7 8 9 10 11 12 | 12.4
Dodging        | 4 5 6 7 8 10 12 13 14 16 17 | 17.3
Fighting       | 4 5 6 8 9 11 12 13 14 16 | 16.0
Long Blades    | |  2.6

Action                     |  1- 3 |  4- 6 |  7- 9 | 10-12 | 13-15 || total
---------------------------+-------+-------+-------+-------+-------++-------
  Melee: Falchion          |    24 |       |       |       |       ||    24
         Dagger            |    49 |   122 |   164 |   686 |  1045 ||  2066
         Quick blade       |       |       |       |       |    30 ||    30
  Throw: Throwing net      |       |       |     1 |       |       ||     1
   Cast: Shock             |       |    49 |    46 |    15 |       ||   110
         Jinxbite          |       |     2 |     1 |     4 |       ||     7
         Mercury Vapours   |       |       |     1 |     3 |     1 ||     5
         Inner Flame       |       |       |     2 |     4 |       ||     6
         Fireball          |       |       |       |    27 |   164 ||   191
         Lee's Rapid Decon |       |       |       |       |     1 ||     1
         Plasma Beam       |       |       |       |       |    91 ||    91
 Invoke: Sacrifice a Hand  |       |     1 |       |       |       ||     1
         Apocalypse        |       |       |     8 |    14 |    12 ||    34
         Sacrifice Artific |       |       |     1 |       |       ||     1
         Sacrifice Stealth |       |       |     1 |       |       ||     1
         Sacrifice an Eye  |       |       |       |     1 |       ||     1
         Draw Out Power    |       |       |       |       |     1 ||     1
    Use: Scroll            |       |     6 |     1 |     3 |    17 ||    27
         Potion            |       |       |       |     2 |     6 ||     8
   Stab: Sleeping          |       |     5 |     1 |       |       ||     6
         Distracted        |       |     1 |     1 |     5 |     3 ||    10
         Invisible         |       |       |     2 |     4 |     6 ||    12
         Paralysed         |       |       |       |    25 |    21 ||    46
 Armour: Robe              |    34 |    61 |    75 |   166 |   395 ||   731
  Dodge: Dodged            |    58 |    88 |    95 |   576 |  1222 ||  2039
